AoeStats
← bubbachambers

Team Islands

503208775Analyzed
3v3 RM · 1mo ago on Aug 30, 2026· 45m 1s· 6 players
Game mode
Random Map
Map size
Large (8 player)
Population
200
Speed
Normal
Resources
Standard
Victory
Conquest
Starting age
Dark Age
Ending age
Imperial Age
RankedLock teamsTeams togetherTeam positionsShared explorationLock speedFull tech treeHidden civsTurbo modeCheats
Victory
Defeat
🇩🇪 Vikings · Germany
982
+16
🇩🇪 Persians · Germany
981
+16
🇩🇪 Dravidians · Germany
973
+17
🇮🇶 Franks · Iraq
1040
-19
🇮🇪 Vietnamese · Ireland
989
-17
🇬🇧 Vikings · United Kingdom
928
-14
bubbachambers
10:41 Feudal Age
12:09 Loom
14:51 Castle Age
14:35 Double-Bit Axe
15:47 Horse Collar
16:44 Town Watch
17:49 Elite Skirmisher
23:10 Wheelbarrow
25:57 Ballistics
27:59 Hand Cart
30:19 Imperial Age
28:37 Town Patrol
28:29 Gold Mining
29:21 Bow Saw
29:13 Heavy Plow
30:09 Fletching
30:20 Padded Archer Armor
30:49 Imperial Skirmisher
32:58 Two-Man Saw
32:32 Elite Fire Lancer
33:19 Bodkin Arrow
33:40 Leather Archer Armor
33:46 Scale Mail Armor
33:59 Forging
34:26 Thumb Ring
34:37 Bracer
35:50 Chain Mail Armor
36:07 Ring Archer Armor
36:20 Paper Money
36:47 Squires
37:29 Iron Casting
39:22 Plate Mail Armor
Dutchy91
11:54 Feudal Age
13:21 Double-Bit Axe
18:24 Castle Age
17:25 Gold Mining
17:21 Horse Collar
17:26 Fishing Lines
19:21 Medium Warships
19:19 Gillnets
22:18 Fletching
22:28 Padded Archer Armor
25:19 Careening
25:33 Ballistics
aryaszahir958
9:58 Feudal Age
8:26 Loom
11:50 Double-Bit Axe
13:34 Town Watch
19:51 Castle Age
22:42 Gold Mining
25:48 Wheelbarrow
26:25 Gold Shaft Mining
25:44 Stone Mining
31:31 Imperial Age
30:22 Husbandry
Jiwisd
10:57 Feudal Age
12:56 Double-Bit Axe
15:25 Fishing Lines
19:08 Horse Collar
24:06 Castle Age
22:42 Wheelbarrow
24:58 Medium Warships
27:25 Hand Cart
27:25 Bow Saw
27:17 Heavy Plow
27:11 Gillnets
28:29 Gold Mining
31:33 Careening
31:37 Clinker Construction
31:34 Padded Archer Armor
31:25 Fletching
34:36 Stone Mining
35:56 Scale Mail Armor
36:06 Forging
40:42 Imperial Age
41:21 Chain Mail Armor
41:41 Iron Casting
43:46 Wootz Steel
42:55 Elite Urumi Swordsman
43:56 Conscription
44:15 Gambesons
44:31 Squires
44:16 Arson
43:52 Man-at-Arms
45:11 Plate Mail Armor
45:42 Blast Furnace
fcn2004
5:06 Loom
10:14 Feudal Age
12:54 Double-Bit Axe
13:27 Horse Collar
20:37 Castle Age
22:42 Medium Warships
29:21 Imperial Age
30:32 Heavy Warships
30:40 Bow Saw
35:04 Two-Man Saw
36:03 Cavalier
40:38 Scale Barding Armor
40:44 Forging
40:57 Scale Mail Armor
42:31 Wheelbarrow
captain_shadow26
14:36 Feudal Age
15:14 Double-Bit Axe
16:04 Fishing Lines
20:22 Castle Age
18:33 Gold Mining
18:33 Stone Mining
20:07 Horse Collar
22:16 Bow Saw
22:45 Gold Shaft Mining
23:42 Fletching
23:53 Padded Archer Armor
24:50 Medium Warships
28:17 Heavy Plow
28:15 Bodkin Arrow
28:36 Leather Archer Armor
28:41 Gillnets
32:23 Imperial Age
29:39 Loom
29:40 Town Watch
31:38 Clinker Construction
31:39 Careening
31:50 Ballistics
32:35 Chieftains
33:03 Forging
32:54 Scale Mail Armor
34:18 Elite Longship
36:52 Elite Berserk
40:12 Squires
39:58 Gambesons
40:00 Arson
41:52 Two-Man Saw
42:46 Crop Rotation
45:17 Iron Casting
44:58 Chain Mail Armor
Connection lost

Rejoining the realm…

Still unreachable

The connection could not be restored.

Session expired

The server has moved on; the page needs a fresh start.